[Event "*** Titled Tuesday Blitz"]
[Site "Chess.com"]
[Date "2020.05.26"]
[Round "3"]
[White "m_ezat"]
[Black "Rinas_Oleg"]
[Result "1-0"]
[WhiteElo "2492"]
[BlackElo "2230"]
[TimeControl "180+1"]
[EndTime "10:25:29 PDT"]
[Termination "m_ezat won by resignation"]

1. d4 Nf6 2. c4 g6 3. Nc3 d5 4. Bg5 Ne4 5. cxd5 Nxg5 6. h4 Ne6 7. dxe6 Bxe6 8. e4 c6 9. h5 Bg7 10. Nf3 Bg4 11. h6 Bf8 12. Bc4 e6 13. d5 Qf6 14.
Qb3 b5 15. Nxb5 cxb5 16. Bxb5+ Nd7 17. Bxd7+ Kxd7 18. Qb7+ Kd6 19. Qc6+ Ke7 20. d6+ Kd8 21. Qc7+ 1-0

[Event "*** Titled Tuesday Blitz"]
[Site "Chess.com"]
[Date "2020.05.26"]
[Round "3"]
[White "valeriocarnicelli"]
[Black "Aleksandar-Topalov"]
[Result "1-0"]
[WhiteElo "2567"]
[BlackElo "2361"]
[TimeControl "180+1"]
[EndTime "10:25:30 PDT"]
[Termination "valeriocarnicelli won by resignation"]

1. e4 e6 2. d4 d5 3. Nc3 Bb4 4. e5 Qd7 5. a3 Bxc3+ 6. bxc3 b6 7. Qg4 f5 8. Qg3 Qf7 9. h4 Ba6 10. Bxa6 Nxa6 11. Ne2 Nb8 12. Nf4 Nc6 13. Nxe6 Qxe6 14. Qxg7 O-O-O 15. Qxh8 Qg6 16. O-O Rf8 17. Bf4 Qg4 18. g3 Nd8 19. e6 Nxe6 20. Qe5 Nxf4 21. Qxf4 Qg6 22. Rfe1 Nf6 23. Re7 Ne8 24. Rae1 Nd6 25.
R1e6 1-0

[Event "*** Titled Tuesday Blitz"]
[Site "Chess.com"]
[Date "2020.05.26"]
[Round "3"]
[White "Shivagami"]
[Black "Usurpov"]
[Result "1-0"]
[WhiteElo "2214"]
[BlackElo "2413"]
[TimeControl "180+1"]
[EndTime "10:25:31 PDT"]
[Termination "Shivagami won by resignation"]

1. e4 c5 2. Nc3 e6 3. g3 d5 4. exd5 exd5 5. Bg2 d4 6. Nce2 Bd6 7.
d3 Ne7 8. Nf3 O-O 9. O-O Nbc6 10. Bf4 Re8 11. Bxd6 Qxd6 12. Nf4 Ng6 13. Nxg6 hxg6 14.
Re1 Be6 15. Qd2 b5 16. Qg5 Bd5 17. Qh4 f6 18. Qg4 Kf7 19. Nh4 Ne7 20. Rxe7+ Rxe7 21. Qxg6+ Kf8 22. Nf5 Qd7 23. Bxd5 Qxd5 24. Nxe7 Kxe7 25.
Qxg7+ 1-0

[Event "*** Titled Tuesday Blitz"]
[Site "Chess.com"]
[Date "2020.05.26"]
[Round "3"]
[White "IAgrest"]
[Black "PauloFanha"]
[Result "1-0"]
[WhiteElo "2273"]
[BlackElo "1975"]
[TimeControl "180+1"]
[EndTime "10:25:31 PDT"]
[Termination "IAgrest won by resignation"]

1. e4 e6 2. d4 d5 3. Nc3 dxe4 4. Nxe4 Nd7 5. Nf3 Ngf6 6. Bg5 Be7 7. Nxf6+ Bxf6 8.
h4 h6 9. Bxf6 Qxf6 10. Bd3 c5 11. Qe2 cxd4 12. O-O-O a6 13. Kb1 Nc5 14. Nxd4 Nxd3 15.
Rxd3 O-O 16. g4 e5 17. Nb3 Be6 18. g5 Qf4 19. gxh6 Qxh6 20. Qxe5 Bxb3 21. axb3 Rae8 22.
Qg3 Re5 23. Qxe5 1-0

[Event "*** Titled Tuesday Blitz"]
[Site "Chess.com"]
[Date "2020.05.26"]
[Round "3"]
[White "CyberneticLion"]
[Black "KNVB"]
[Result "0-1"]
[WhiteElo "2441"]
[BlackElo "2777"]
[TimeControl "180+1"]
[EndTime "10:25:32 PDT"]
[Termination "KNVB won by resignation"]

1. e4 b6 2. d4 Bb7 3. Nc3 e6 4.
Nf3 Bb4 5. Bd3 Nf6 6. Qe2 d5 7. e5 Ne4 8. Bd2 Bxc3 9. bxc3 Nc6 10. O-O h6 11. Bxe4 dxe4 12. Qxe4 Na5 13. Qd3 Qd5 14.
Rab1 O-O-O 15. a4 Bc6 16. Be3 f5 17. Rb4 g5 18. c4 Qe4 19. Qxe4 Bxe4 20. Nd2 Bb7 21.
f4 Nc6 22. Rb2 Nxd4 23. fxg5 hxg5 24. Bxg5 Rdg8 25. h4 Rxh4 26. Bxh4 Rxg2+ 27. Kh1 Rxd2+ 28.
Kg1 Rg2+ 29. Kh1 Rxc2+ 0-1

[Event "*** Titled Tuesday Blitz"]
[Site "Chess.com"]
[Date "2020.05.26"]
[Round "3"]
[White "imdarealist"]
[Black "Tsyhanchuk_Stanislav"]
[Result "1-0"]
[WhiteElo "2215"]
[BlackElo "2419"]
[TimeControl "180+1"]
[EndTime "10:25:36 PDT"]
[Termination "imdarealist won by resignation"]

1. d4 Nf6 2. Bf4 g6 3. e3 Bg7 4. Nf3 d6 5. h3 O-O 6. Be2 b6 7. O-O Bb7 8. Bh2 Nbd7 9. c3 Re8 10. a4 a6 11. Qb3 e5 12. Re1 Ne4 13. Nbd2 Nxd2 14. Nxd2 exd4 15. exd4 Bxg2 16. Kxg2 Qg5+ 17. Bg4 Rxe1 18. Nf3 Qd8 19. Nxe1 Nf6 20. Bf3 Rb8 21. Nd3 d5 22. Ne5 Ra8 23. Re1 Ne4 24. Bxe4 dxe4 25.
Nxf7 Qf8 26. Ng5+ Kh8 27. Rxe4 h6 28. Ne6 Qf5 29. Rf4 Qd3 30. Nxg7 Kxg7 31. Rf7+ Kh8 32. Be5+ 1-0

[Event "*** Titled Tuesday Blitz"]
[Site "Chess.com"]
[Date "2020.05.26"]
[Round "3"]
[White "aisha_zakirova"]
[Black "Snegokhod"]
[Result "1-0"]
[WhiteElo "1902"]
[BlackElo "2445"]
[TimeControl "180+1"]
[EndTime "10:25:38 PDT"]
[Termination "aisha_zakirova won by resignation"]

1. d4 Nf6 2. c4 g6 3. Nc3 d5 4. e3 Bg7 5. Qb3 c6 6. Nf3 O-O 7. Bd2 a5 8. cxd5 cxd5 9. Bb5 Nc6 10. O-O e6 11. Rac1 Bd7 12. h3 Ne4 13. Nxe4 dxe4 14.
Ne1 a4 15. Qd1 Qb6 16. Bxc6 Bxc6 17. Bc3 f5 18. Nc2 f4 19. Qg4 Bb5 20. Rfe1 f3 21. Qxe4 fxg2 22. Nb4 Kh8 23. d5 exd5 24. Nxd5 Qa6 25.
Bxg7+ Kxg7 26. Rc7+ Kg8 27. Ne7+ Kh8 28. Nd5 Rf6 29.
Qe7 Bd7 30. Rxd7 1-0

[Event "*** Titled Tuesday Blitz"]
[Site "Chess.com"]
[Date "2020.05.26"]
[Round "3"]
[White "Sam_ChessMood"]
[Black "Misha_Bilous"]
[Result "1-0"]
[WhiteElo "2862"]
[BlackElo "2455"]
[TimeControl "180+1"]
[EndTime "10:25:39 PDT"]
[Termination "Sam_ChessMood won by resignation"]

1. e4 c5 2. Nf3 d6 3. d4 cxd4 4. Nxd4 Nf6 5. Nc3 a6 6. Be3 e5 7. Nb3 Be6 8. f3 h5 9. Nd5 Bxd5 10. exd5 g6 11. Qd2 Bg7 12. O-O-O Nbd7 13. Kb1 O-O 14. Be2 a5 15. a4 Nb6 16. Bxb6 Qxb6 17. Bb5 Ne8 18. Rhe1 Nc7 19. c4 Nxb5 20. cxb5 Rfc8 21. Rc1 Kh7 22. Qe3 Qxe3 23. Rxe3 Bh6 24. Rxc8 Rxc8 25.
Rc3 Rxc3 26. bxc3 b6 27. Kc2 Kg7 28. Kd3 f5 29. Nxa5 1-0

[Event "*** Titled Tuesday Blitz"]
[Site "Chess.com"]
[Date "2020.05.26"]
[Round "3"]
[White "Nastya_Rakhmangulova"]
[Black "seastar"]
[Result "1-0"]
[WhiteElo "2295"]
[BlackElo "2031"]
[TimeControl "180+1"]
[EndTime "10:25:39 PDT"]
[Termination "Nastya_Rakhmangulova won by resignation"]

1. e4 d5 2. exd5 Qxd5 3. Nc3 Qd6 4. d4 Nf6 5. Nf3 a6 6. a4 Bg4 7. h3 Bh5 8. g4 Bg6 9. Ne5 Nc6 10. Nxc6 Qxc6 11. d5 Qd6 12. Bg2 O-O-O 13. O-O Nd7 14. Qf3 Nc5 15. Bf4 Qd7 16. b4 e5 17. dxe6 1-0

[Event "*** Titled Tuesday Blitz"]
[Site "Chess.com"]
[Date "2020.05.26"]
[Round "3"]
[White "archess2"]
[Black "Carnivoras"]
[Result "0-1"]
[WhiteElo "2260"]
[BlackElo "2617"]
[TimeControl "180+1"]
[EndTime "10:25:47 PDT"]
[Termination "Carnivoras won by resignation"]

1. d4 d5 2. c4 c6 3. cxd5 cxd5 4.
Nc3 Nf6 5. Nf3 e6 6. Bf4 Nc6 7.
e3 Bd6 8. Bg3 O-O 9. Bd3 a6 10.
Rc1 Ne7 11. O-O b5 12. Bxd6 Qxd6 13. Ne5 Bb7 14. f4 Rac8 15. Qf3 Rc7 16. Ne2 Rfc8 17. Rxc7 Rxc7 18. Qh3 Qb4 19. Ng4 Ne4 20. Ng3 Qxb2 21. Bxe4 dxe4 22. Nh5 Nf5 23. Ne5 Qd2 24. Qg4 Qxe3+ 25.
Kh1 Rc1 26. Nf6+ Kf8 27. Nfd7+ Ke8 28. Nf6+ Ke7 29. Ng8+ Kf8 30. Nd7+ Kxg8 31. Nf6+ Kf8 32. Nxh7+ Ke8 33. Nf6+ gxf6 34. Qg8+ Ke7 0-1

[Event "*** Titled Tuesday Blitz"]
[Site "Chess.com"]
[Date "2020.05.26"]
[Round "3"]
[White "Sergey85Rodchenkov"]
[Black "Falia-p"]
[Result "1-0"]
[WhiteElo "2523"]
[BlackElo "2318"]
[TimeControl "180+1"]
[EndTime "10:25:49 PDT"]
[Termination "Sergey85Rodchenkov won by resignation"]

1. e4 c6 2. d4 d5 3. exd5 cxd5 4. Bd3 Nc6 5. c3 Qc7 6. h3 Nf6 7. Nf3 g6 8. Qc2 Bg7 9. O-O O-O 10. Re1 a6 11.
Nbd2 b5 12. Nb3 e6 13. Be3 Bb7 14. Nc5 Nd7 15. Nxb7 Qxb7 16. a4 b4 17. a5 Rfc8 18. Qa4 e5 19. Bf1 e4 20. Nd2 f5 21. Rec1 bxc3 22.
bxc3 Qc7 23. f4 exf3 24. Nxf3 Re8 25. Bf2 Qd6 26. c4 Ne7 27. cxd5 Nxd5 28. Rc6 Qb4 29. Bc4 Qxa4 30. Bxd5+ Kh8 31. Rxa4 1-0

[Event "*** Titled Tuesday Blitz"]
[Site "Chess.com"]
[Date "2020.05.26"]
[Round "3"]
[White "TheCavemanChesss"]
[Black "dennisodessa"]
[Result "1-0"]
[WhiteElo "2473"]
[BlackElo "2227"]
[TimeControl "180+1"]
[EndTime "10:25:50 PDT"]
[Termination "TheCavemanChesss won by resignation"]

1. e4 e6 2. d4 d5 3. Nc3 Nc6 4. e5 f6 5. Nf3 fxe5 6. dxe5 Nh6 7. Bd3 Nf7 8. Qe2 Be7 9. h4 Nb4 10. Bf4 c5 11. Bb5+ Bd7 12. a3 Bxb5 13. Qxb5+ Nc6 14.
Qxb7 Rc8 15. O-O-O O-O 16. g3 Na5 17. Qa6 Nc4 18.
Qxe6 Qa5 19. Nxd5 Rb8 20. Nxe7+ Kh8 21. Qxc4 1-0

[Event "*** Titled Tuesday Blitz"]
[Site "Chess.com"]
[Date "2020.05.26"]
[Round "3"]
[White "FairChess_on_YouTube"]
[Black "VitaliyBernadskiy"]
[Result "1/2-1/2"]
[WhiteElo "3019"]
[BlackElo "2695"]
[TimeControl "180+1"]
[EndTime "10:25:53 PDT"]
[Termination "Game drawn by repetition"]

1. d4 Nf6 2. c4 c5 3. Nf3 cxd4 4. Nxd4 Nc6 5. Nc3 g6 6. e4 d6 7. Be2 Nxd4 8. Qxd4 Bg7 9. Bg5 O-O 10. Qd2 a5 11. Rd1 Be6 12. O-O a4 13. Rfe1 Qa5 14. Bf1 Rfc8 15.
Nd5 Qxd2 16. Bxd2 Bxd5 17. exd5 Re8 18. Bb4 Nd7 19. Ba3 Nc5 20. g3 b6 21. h4 h5 22.
Bh3 f5 23. Kg2 Bf6 24. Kf3 Kf7 25. Re2 Rac8 26. Bf1 Ra8 27. Re3 Rec8 28. Re2 Nd7 29. Rc2 Rc7 30. Kg2 Nc5 31. Rdc1 Rcc8 32. Be2 Rc7 33. Bf1 Rcc8 34. Be2 Rc7 35. Bf1 1/2-1/2

[Event "*** Titled Tuesday Blitz"]
[Site "Chess.com"]
[Date "2020.05.26"]
[Round "3"]
[White "1g41-0"]
[Black "124chess"]
[Result "0-1"]
[WhiteElo "2558"]
[BlackElo "2772"]
[TimeControl "180+1"]
[EndTime "10:25:53 PDT"]
[Termination "124chess won by resignation"]

1. d4 g6 2. e4 Bg7 3. Nc3 d6 4.
h4 h6 5. Be3 a6 6. Qd2 b5 7.
O-O-O Bb7 8. f3 Nd7 9. Kb1 Nb6 10.
a3 c6 11. f4 Nf6 12. Nf3 Qc7 13. h5 Nxh5 14. f5 O-O-O 15. Bd3 Nf6 16. fxg6 fxg6 17.
Qf2 Ng4 18. Qe2 Nxe3 19. Qxe3 Kb8 20. e5 g5 21. Rdf1 Rhf8 22. Nd2 dxe5 23. dxe5 Bxe5 24. Nde4 Bd4 25. Qe2 c5 26. Nd2 Rxf1+ 27. Rxf1 Bxc3 28. bxc3 Na4 29. Qe6 c4 30. Rf7 cxd3 31. Rxe7 dxc2+ 32. Kxc2 Qxc3+ 0-1

[Event "*** Titled Tuesday Blitz"]
[Site "Chess.com"]
[Date "2020.05.26"]
[Round "3"]
[White "lelajavakhishvili"]
[Black "ferdipy"]
[Result "1-0"]
[WhiteElo "2502"]
[BlackElo "2249"]
[TimeControl "180+1"]
[EndTime "10:25:53 PDT"]
[Termination "lelajavakhishvili won by resignation"]

1. d4 Nf6 2. c4 e6 3. Nf3 Bb4+ 4.
Bd2 Qe7 5. Nc3 d6 6. g3 e5 7. Qa4+ Nc6 8. d5 Bxc3 9. Bxc3 Bd7 10. dxc6 Bxc6 11. Qc2 e4 12. Nd4 e3 13. f3 O-O 14. Nxc6 bxc6 15. Bh3 d5 16. O-O c5 17. Bxf6 Qxf6 18. cxd5 Rab8 19. b3 Rfd8 20. Rfd1 Rd6 21.
Bg2 Rxd5 22. Rxd5 Qxa1+ 23. Rd1 Qe5 24. f4 Qe7 25. Qe4 Qf6 26. Qxe3 Qb2 27. Qd2 Qf6 28. Bf3 g6 29. Kg2 h5 30. Qd7 Qb6 31. Qc6 Qa5 32. Rd7 Rf8 33. Bd5 Qb6 34. Qxb6 cxb6 35. Rxa7 1-0

[Event "*** Titled Tuesday Blitz"]
[Site "Chess.com"]
[Date "2020.05.26"]
[Round "3"]
[White "Gahan-MG"]
[Black "CrazyMartian"]
[Result "1-0"]
[WhiteElo "2583"]
[BlackElo "2294"]
[TimeControl "180+1"]
[EndTime "10:25:55 PDT"]
[Termination "Gahan-MG won by resignation"]

1. e4 c5 2. c3 d5 3. exd5 Nf6 4.
d4 Nxd5 5. Nf3 e6 6. Bd3 cxd4 7.
Nxd4 Bd7 8. O-O Nc6 9. Bc4 Nb6 10. Bb3 Nxd4 11. Qxd4 Bc6 12. Be3 Qxd4 13. Bxd4 Be7 14. Nd2 O-O 15. Rfe1 Rfd8 16. Rad1 Kf8 17. Nc4 Nxc4 18.
Bxc4 Bd5 19. Bxd5 Rxd5 20. Bxg7+ Kxg7 21. Rxd5 exd5 22. Rxe7 Rd8 23. Rxb7 d4 24. cxd4 Rxd4 25. g3 a5 26. Kg2 h6 27. Rb5 a4 28. b3 axb3 29. Rxb3 Rd2 30. a4 Ra2 31. Rb4 Kg6 32. Rf4 Ra3 33. h4 h5 34. Kf1 Ra2 35. Rb4 f6 36. Kg2 Kh6 37. Kf3 Kg6 38. Ke3 Kh6 39. f3 Kg6 40. Kd3 Ra3+ 41. Ke4 Ra2 42. Kf4 Ra3 43. g4 hxg4 44. fxg4 Ra1 45. h5+ Kh6 46. Kf5 Rf1+ 47. Rf4 1-0

[Event "*** Titled Tuesday Blitz"]
[Site "Chess.com"]
[Date "2020.05.26"]
[Round "3"]
[White "Roman_Ovetchkin"]
[Black "Lovinski"]
[Result "1-0"]
[WhiteElo "2617"]
[BlackElo "2404"]
[TimeControl "180+1"]
[EndTime "10:25:56 PDT"]
[Termination "Roman_Ovetchkin won by resignation"]

1. e4 e5 2. Nf3 Nc6 3. d4 exd4 4.
c3 d5 5. exd5 Qxd5 6. cxd4 Bg4 7.
Be2 Bb4+ 8. Nc3 Bxf3 9. Bxf3 Qc4 10. Be3 Bxc3+ 11. bxc3 Qxc3+ 12. Kf1 Nge7 13. Rc1 Qa3 14. d5 Ne5 15. Bc5 Qd3+ 16. Be2 Qxd1+ 17. Rxd1 Nf5 18. Bb5+ c6 19. dxc6 bxc6 20. Ba4 f6 21. f4 Ng4 22. Bxc6+ Kf7 23. Bxa8 Nfe3+ 24. Bxe3 Nxe3+ 25. Ke2 Nxd1 26. Bd5+ Kg6 27. Rxd1 1-0

[Event "*** Titled Tuesday Blitz"]
[Site "Chess.com"]
[Date "2020.05.26"]
[Round "3"]
[White "Love_craft"]
[Black "northridgehawk"]
[Result "1-0"]
[WhiteElo "2481"]
[BlackElo "2182"]
[TimeControl "180+1"]
[EndTime "10:25:56 PDT"]
[Termination "Love_craft won on time"]

1. Nf3 Nf6 2. d4 g6 3. c4 d5 4. cxd5 Nxd5 5. g3 Bg7 6. Bg2 O-O 7.
O-O Nb6 8. Nc3 Nc6 9. d5 Na5 10. e4 c6 11. Nd4 cxd5 12. exd5 Nac4 13. b3 Nd6 14. Bb2 Bd7 15. Rc1 Rc8 16. Re1 Re8 17. a4 1-0

[Event "*** Titled Tuesday Blitz"]
[Site "Chess.com"]
[Date "2020.05.26"]
[Round "3"]
[White "Gromes7"]
[Black "GodDMuhammad"]
[Result "0-1"]
[WhiteElo "2009"]
[BlackElo "2282"]
[TimeControl "180+1"]
[EndTime "10:25:56 PDT"]
[Termination "GodDMuhammad won by resignation"]

1. d4 Nf6 2. g3 c5 3. d5 d6 4.
Bg2 g6 5. c4 Bg7 6. Nc3 O-O 7. e4 a6 8. a4 Nbd7 9. Nf3 Ng4 10. O-O Nge5 11. Qe2 Nb6 12. Nxe5 Bxe5 13. Be3 Nd7 14. f4 Bd4 15. Bxd4 cxd4 16. Nd1 Qb6 17. Nf2 Nc5 18. a5 Qa7 19. Nd3 Bg4 20. Qc2 Rac8 21. h3 Bd7 22. b4 Nxd3 23. Qxd3 e5 24. fxe5 dxe5 25. Rf6 Rxc4 26. Qxd4 Qxd4+ 0-1

[Event "*** Titled Tuesday Blitz"]
[Site "Chess.com"]
[Date "2020.05.26"]
[Round "3"]
[White "aleksandrovaleksei"]
[Black "MrTattaglia"]
[Result "0-1"]
[WhiteElo "2687"]
[BlackElo "2999"]
[TimeControl "180+1"]
[EndTime "10:25:57 PDT"]
[Termination "MrTattaglia won on time"]

1. d4 Nf6 2. c4 e6 3. Nc3 d5 4. cxd5 exd5 5. Bg5 Nbd7 6. e3 Be7 7. Bd3 c6 8. Qc2 Nh5 9. Bxe7 Qxe7 10. Nf3 Nf4 11. Bf1 Nf6 12. O-O-O Ne6 13. Kb1 g6 14. Bd3 Ng7 15. Rhe1 O-O 16. Ne5 Bf5 17. f3 Rad8 18. e4 dxe4 19. fxe4 Bc8 20. Nf3 Bg4 21. e5 Nd5 22. Be4 Nxc3+ 23. Qxc3 Ne6 24. Rd2 Nf4 25. h3 Be6 26. Qe3 Nd5 27. Qh6 f5 28. exf6 Nxf6 29. Bxg6 hxg6 30. Qxg6+ Kh8 31. Qh6+ Kg8 32. Qg6+ Kh8 33.
Qh6+ Nh7 34. Rxe6 Qf7 0-1

[Event "*** Titled Tuesday Blitz"]
[Site "Chess.com"]
[Date "2020.05.26"]
[Round "3"]
[White "JSPrepz"]
[Black "chessfrendz"]
[Result "1-0"]
[WhiteElo "2671"]
[BlackElo "2410"]
[TimeControl "180+1"]
[EndTime "10:25:57 PDT"]
[Termination "JSPrepz won by resignation"]

1. e4 c5 2. Nf3 e6 3. b4 cxb4 4. a3 bxa3 5. d4 Nf6 6. e5 Nd5 7. c3 Nc6 8. Bd3 Be7 9. Nxa3 Nxc3 10. Qc2 h6 11. Nc4 Nb5 12. Be3 Nb4 13. Qd2 Nxd3+ 14. Qxd3 Bb4+ 15. Kf1 Nc7 16. h4 Nd5 17. Rh3 b5 18.
Nd6+ Bxd6 19. exd6 b4 20. Rg3 a5 21. Kg1 Qf6 22.
Ne5 a4 23. Rf3 Qxh4 24. Nxf7 Nxe3 25. Nxh8 Nf5 26. Rxf5 exf5 27. Re1+ Kf8 28. Ng6+ Kf7 29. Nxh4 1-0

[Event "*** Titled Tuesday Blitz"]
[Site "Chess.com"]
[Date "2020.05.26"]
[Round "3"]
[White "Jungle_Jaguar"]
[Black "MilanJeremic"]
[Result "1-0"]
[WhiteElo "2581"]
[BlackElo "2236"]
[TimeControl "180+1"]
[EndTime "10:25:58 PDT"]
[Termination "Jungle_Jaguar won by resignation"]

1. e4 c6 2. d4 d5 3. exd5 cxd5 4. Bd3 Nc6 5. c3 Nf6 6. Bf4 Bg4 7. Qb3 Qc8 8. Nd2 e6 9. Ngf3 Bxf3 10. Nxf3 Be7 11.
O-O O-O 12. Rae1 Na5 13. Qd1 Nc4 14. Qc2 Nd6 15. Ne5 Nde4 16. f3 Nd6 17. Ng4 Nde8 18. Bg5 h6 19. Nxh6+ gxh6 20. Bxh6 Ng7 21. Re5 Nfe8 22.
f4 f5 23. Rf3 Bd6 24. Re1 Rf6 25. Bg5 Rg6 26. Qf2 Qc7 27. Qh4 Qf7 28. Rh3 Qf8 29.
c4 Rxg5 30. fxg5 Nc7 31. g6 1-0

[Event "*** Titled Tuesday Blitz"]
[Site "Chess.com"]
[Date "2020.05.26"]
[Round "3"]
[White "Bossche-CM"]
[Black "QueenOfTactics90"]
[Result "0-1"]
[WhiteElo "2445"]
[BlackElo "1951"]
[TimeControl "180+1"]
[EndTime "10:25:59 PDT"]
[Termination "QueenOfTactics90 won by resignation"]

1. e4 c5 2. b3 Nc6 3. Bb2 e5 4. Bc4 Nf6 5. Nc3 g6 6. Nf3 Bg7 7. d3 d6 8. O-O O-O 9. h3 Be6 10.
a4 a6 11. Bc1 h6 12. Be3 Kh7 13. Qd2 d5 14. exd5 Bxd5 15. Nxd5 Nxd5 16. Bxc5 Re8 17.
Rae1 f5 18. Ba3 Rb8 19. b4 b5 20. axb5 axb5 21. Bb3 Nf4 22. Bb2 e4 23. Bxg7 exf3 24. Qxf4 Kxg7 25. Qxf3 Nd4 26. Rxe8 Nxf3+ 27. gxf3 Qxe8 28.
Ra1 Rb7 29. Ra6 Qe5 30. Re6 Qf4 31. Kg2 Qxb4 32. Re8 Qc5 33. Rg8+ Kh7 34. Rd8 f4 35. d4 Qg5+ 36. Kf1 Qxd8 0-1

[Event "*** Titled Tuesday Blitz"]
[Site "Chess.com"]
[Date "2020.05.26"]
[Round "3"]
[White "kushagramohan"]
[Black "Lector118"]
[Result "1-0"]
[WhiteElo "2677"]
[BlackElo "2410"]
[TimeControl "180+1"]
[EndTime "10:26:00 PDT"]
[Termination "kushagramohan won by resignation"]

1. e4 c6 2. d4 g6 3. Nf3 d5 4. e5 Bg7 5. h3 Bf5 6. c4 e6 7.
Nc3 h5 8. Bg5 Ne7 9. Qd2 Nd7 10.
cxd5 cxd5 11. Nb5 Qb6 12. Nd6+ Kf8 13. Be2 Be4 14. Nxe4 dxe4 15. Bxe7+ Kxe7 16. Ng5 Bh6 17. h4 Rhd8 18. O-O Nxe5 19. Rad1 f6 20. Qc3 fxg5 21.
hxg5 Bxg5 22. dxe5 Rac8 23. Qg3 Bh6 24. Qxg6 1-0

[Event "*** Titled Tuesday Blitz"]
[Site "Chess.com"]
[Date "2020.05.26"]
[Round "3"]
[White "VerdeNotte"]
[Black "stolencandy13"]
[Result "1-0"]
[WhiteElo "2775"]
[BlackElo "2562"]
[TimeControl "180+1"]
[EndTime "10:26:01 PDT"]
[Termination "VerdeNotte won by resignation"]

1. e4 c6 2. d4 d5 3. e5 Bf5 4.
h4 h5 5. Bd3 Bxd3 6. Qxd3 e6 7.
Bg5 Qb6 8. Nd2 c5 9. c4 Qxb2 10. Rd1 Nc6 11. Ne2 Nb4 12. Qf3 Nc2+ 13. Kf1 Nxd4 14.
Nxd4 Qxd4 15. Qb3 dxc4 16. Nxc4 Qe4 17. Rh3 f6 18. Re3 Qc6 19. Nd6+ Ke7 20. exf6+ gxf6 21. Qxe6+ Kd8 22. Nb5+ 1-0

[Event "*** Titled Tuesday Blitz"]
[Site "Chess.com"]
[Date "2020.05.26"]
[Round "3"]
[White "albi1999"]
[Black "Dmitry_M1"]
[Result "1-0"]
[WhiteElo "2609"]
[BlackElo "2402"]
[TimeControl "180+1"]
[EndTime "10:26:01 PDT"]
[Termination "albi1999 won by resignation"]

1. d4 Nf6 2. c4 c5 3. d5 e5 4. Nc3 d6 5. e4 Be7 6. g3 O-O 7. Bg2 a6 8. a4 b6 9. Nge2 Ne8 10.
O-O Nd7 11. h3 g6 12. Bh6 Ng7 13. Qd2 Ra7 14. f4 exf4 15. gxf4 Bf6 16. Rae1 Bh4 17.
Rd1 Bf6 18. e5 dxe5 19. Ne4 exf4 20. Nxf6+ Qxf6 21. Bxf4 Qd8 22. Ng3 b5 23. axb5 axb5 24. cxb5 c4 25. Qf2 Nb6 26. Be3 Rb7 27. Bc5 Re8 28. d6 1-0

[Event "*** Titled Tuesday Blitz"]
[Site "Chess.com"]
[Date "2020.05.26"]
[Round "3"]
[White "ChessWarrior7197"]
[Black "JTCoach"]
[Result "1-0"]
[WhiteElo "2905"]
[BlackElo "2657"]
[TimeControl "180+1"]
[EndTime "10:26:02 PDT"]
[Termination "ChessWarrior7197 won by resignation"]

1. e4 c5 2. Nf3 Nc6 3. Bb5 e5 4. c3 a6 5. Bxc6 dxc6 6. Nxe5 Qg5 7. d4 Qxg2 8. Qf3 Qxf3 9. Nxf3 Nf6 10. Nfd2 Be6 11. f4 O-O-O 12. f5 Bd7 13. O-O cxd4 14. cxd4 c5 15. d5 Bd6 16. Nc3 Rde8 17. Nc4 Bb8 18. Bf4 Bxf4 19. Rxf4 Kc7 20. a4 b6 21. e5 Nh5 22. Rf3 g6 23. e6 fxe6 24. fxe6 Bxe6 25. dxe6 Rxe6 26. Rd1 Rhe8 27. Rf7+ Kc6 28.
Rdd7 Rc8 29. Rd6+ 1-0

[Event "*** Titled Tuesday Blitz"]
[Site "Chess.com"]
[Date "2020.05.26"]
[Round "3"]
[White "Jumbo"]
[Black "econpower"]
[Result "1-0"]
[WhiteElo "2857"]
[BlackElo "2630"]
[TimeControl "180+1"]
[EndTime "10:26:06 PDT"]
[Termination "Jumbo won by resignation"]

1. d4 d6 2. Nf3 g6 3. Bf4 Bg7 4. e3 Nf6 5. h3 O-O 6. Nbd2 c5 7. c3 Qb6 8. Qb3 Be6 9. Bc4 d5 10.
Be2 c4 11. Qc2 Bf5 12. Qc1 Qa5 13. b3 b5 14. a4 Be4 15. axb5 Qxb5 16. bxc4 dxc4 17.
Bxc4 Qb7 18. Be2 Rc8 19. O-O Nd5 20. Nxe4 Nxf4 21. Ng3 Nxe2+ 22. Nxe2 Nd7 23. Qa3 e5 24. Rfb1 Qe4 25. Qd6 Nb6 26. Ng3 Qd5 27. Rxb6 1-0

[Event "*** Titled Tuesday Blitz"]
[Site "Chess.com"]
[Date "2020.05.26"]
[Round "3"]
[White "theblitzchamp"]
[Black "alekschess100"]
[Result "1-0"]
[WhiteElo "2684"]
[BlackElo "2239"]
[TimeControl "180+1"]
[EndTime "10:26:06 PDT"]
[Termination "theblitzchamp won by resignation"]

1. d4 Nf6 2. Bf4 d5 3. e3 c6 4.
Nf3 Bf5 5. Nbd2 e6 6. c4 Bd6 7. Qb3 Bxf4 8. Qxb7 Qc7 9. Qxa8 Bd6 10. c5 Be7 11.
Ba6 O-O 12. Qb7 Qa5 13. Be2 Ne4 14. Qxe7 Nxd2 15. Nxd2 Na6 16. Rd1 Bc2 17. Rc1 Bg6 18. a3 Nc7 19. b4 Qxa3 20. O-O Qxb4 21. Nf3 Nb5 22. Rb1 Qa5 23. Bxb5 cxb5 24. Ra1 Qc3 25. Rfc1 Qb2 26. c6 h6 27. c7 b4 28. Ne5 b3 29.
Qxf8+ 1-0

[Event "*** Titled Tuesday Blitz"]
[Site "Chess.com"]
[Date "2020.05.26"]
[Round "3"]
[White "mamey78"]
[Black "Baby_Shak"]
[Result "0-1"]
[WhiteElo "2406"]
[BlackElo "2624"]
[TimeControl "180+1"]
[EndTime "10:26:07 PDT"]
[Termination "Baby_Shak won by resignation"]

1. e4 c5 2. Nf3 g6 3. c3 Bg7 4. d4 cxd4 5. cxd4 d5 6. e5 Bg4 7. Bb5+ Nd7 8. Nbd2 Nh6 9. O-O O-O 10. h3 Bxf3 11. Nxf3 a6 12. Bxd7 Qxd7 13. Bg5 Nf5 14. Re1 h6 15. Bf4 e6 16. Qd2 Rac8 17. g4 Ne7 18.
Bxh6 Qa4 19. Qg5 Nc6 20. b3 Qb4 21. Rad1 Qe7 22. Qxe7 Nxe7 23. Bxg7 Kxg7 24. Rc1 Nc6 25. Kg2 Nb4 26. Rxc8 Rxc8 27. Re2 Rc1 28. a3 Nc2 29. a4 Nb4 30. Rd2 Rc3 31. Rb2 Nd3 32. Rb1 Nf4+ 33. Kg3 Nxh3 34. Kxh3 Rxf3+ 35. Kg2 Rd3 0-1

[Event "*** Titled Tuesday Blitz"]
[Site "Chess.com"]
[Date "2020.05.26"]
[Round "3"]
[White "MikeSailer"]
[Black "Feegus"]
[Result "0-1"]
[WhiteElo "2085"]
[BlackElo "2469"]
[TimeControl "180+1"]
[EndTime "10:26:07 PDT"]
[Termination "Feegus won by resignation"]

1. d4 Nf6 2. Nf3 g6 3. Bf4 Bg7 4. e3 d6 5. Be2 O-O 6. O-O Nbd7 7. c4 b6 8. Nc3 Bb7 9. a4 a5 10. h3 Nb8 11. Nd2 Na6 12. Bf3 c6 13. e4 Nb4 14. e5 Ne8 15. exd6 exd6 16. Nde4 h6 17. Qd2 Kh7 18. Rfe1 f5 19. Ng3 Qf6 20. Nge2 Nc7 21. c5 Ne8 22. cxb6 Ra6 23. d5 c5 24. Nb5 Rxb6 25. Ned4 cxd4 26. Qxb4 axb4 0-1

[Event "*** Titled Tuesday Blitz"]
[Site "Chess.com"]
[Date "2020.05.26"]
[Round "3"]
[White "DanielDardha2005"]
[Black "Beca95"]
[Result "0-1"]
[WhiteElo "2639"]
[BlackElo "2873"]
[TimeControl "180+1"]
[EndTime "10:26:08 PDT"]
[Termination "Beca95 won by resignation"]

1. Nf3 c5 2. c4 Nc6 3. g3 g6 4.
Bg2 Bg7 5. O-O d6 6. Nc3 h5 7. h4 Bg4 8. a3 Qd7 9. Rb1 Bh3 10. b4 Bxc3 11. dxc3 Bxg2 12. Kxg2 Nf6 13. Bg5 Ne4 14. Qd3 Qf5 15. Bf4 f6 16. bxc5 Nxc5 17. Qd5 Qxd5 18. cxd5 Na5 19. Nd4 b6 20. Rb4 Kd7 21. f3 Rhc8 22.
Rc1 Na6 23. Rbb1 Nc4 24. e4 Nc5 25. Rd1 Nxa3 26. Rb4 a5 27. Rxb6 Rcb8 28. Rxb8 Rxb8 29. Ra1 Rb2+ 30. Kg1 Nc4 31. Nc6 a4 32. Bc1 Re2 33. Ba3 Nb3 34. Nb8+ Kc8 0-1